 Dungeon Crawl Stone Soup version 0.29-a0-1033-gb6c65ffae6 (webtiles) character file.

Game seed: 582542675672645688

8 Sweeb the Grave Robber (level 2, 11/20 HPs)
             Began as a Mummy Necromancer on Aug 15, 2022.
             Quit the game on level 1 of the Dungeon.
             The game lasted 00:00:44 (78 turns).

Sweeb the Grave Robber (Mummy Necromancer)            Turns: 78, Time: 00:00:45

Health: 11/20      AC:  2    Str: 11    XL:     2   Next: 0%
Magic:  1/5        EV: 12    Int: 14    God:
Gold:   0          SH:  0    Dex: 12    Spells: 5/6 levels left

rFire   x . .      SeeInvis .   (no weapon)
rCold   + . .      Faith    .   (no shield)
rNeg    + + +      Spirit   .   a - +0 robe
rPois   ∞          Reflect  .   (no helmet)
rElec   .          Harm     .   (no cloak)
rCorr   .          Rampage  .   (no gloves)
Will    .....                   (no boots)
Stlth   ++........              (no amulet)
HPRegen 0.06/turn               (no ring)
MPRegen 0.09/turn               (no ring)

@: no status effects
A: cold resistance 1, negative energy resistance 3, torment resistance 2, heat
vulnerability 1, no potions
a: no special abilities


You were on level 1 of the Dungeon.
You visited 1 branch of the dungeon, and saw 1 of its levels.

Inventory:

Armour
 a - a +0 robe (worn)
Scrolls
 b - a scroll of identify {unknown}
 c - a scroll of enchant weapon {unknown}


   Skills:
 + Level 0.6 Fighting
 - Level 1.5 Dodging
 + Level 1.8 Stealth
 + Level 2.9 Spellcasting
 + Level 4.1 Necromancy


You had 5 spell levels left.
You knew the following spells:

 Your Spells              Type           Power      Damage    Failure   Level
a - Necrotise             Necr           52%        1d6       4%          1

Your spell library contained the following spells:

 Spells                   Type           Power      Damage    Failure   Level
 Vampiric Draining        Necr           13%        2d6       12%         3
 Animate Dead             Necr           13%        N/A       36%         4
 Agony                    Necr           13%        N/A       73%         5


Dungeon Overview and Level Annotations

Branches:
Dungeon (1/15)

Altars:


Innate Abilities, Weirdness & Mutations

You are immune to poison.
Your flesh is cold resistant. (rC+)
You are immune to negative energy. (rN+++)
You are immune to unholy pain and torment.
You are vulnerable to heat. (rF-)
You do not drink.


Message History

Confirm with . or Enter, or press ? or * to list all spells.
Aiming: Necrotise (safe; 4% risk of failure)
Press: ? - help, Shift-Dir - straight line, f - bat
Aim: a bat (chance to affect: 83%)
The bat writhes in agony.
You kill the bat!
The dead are flying!
The hobgoblin hits your ball python skeleton.
Your ball python skeleton is destroyed!
Unknown command.
Casting: Necrotise (safe; 4% risk of failure)
Confirm with . or Enter, or press ? or * to list all spells.
Aiming: Necrotise (safe; 4% risk of failure)
Press: ? - help, Shift-Dir - straight line, f - hobgoblin
Aim: a hobgoblin (ally target, chance to affect: 83%)
The hobgoblin writhes in agony.
Your bat skeleton closely misses the hobgoblin.
Your bat skeleton hits the hobgoblin but does no damage.
Unknown command.
Casting: Necrotise (safe; 4% risk of failure)
Confirm with . or Enter, or press ? or * to list all spells.
Aiming: Necrotise (safe; 4% risk of failure)
Press: ? - help, Shift-Dir - straight line, f/p - hobgoblin
Aim: a hobgoblin (moderately wounded, ally target, chance to affect: 83%)
The hobgoblin writhes in agony.
Your bat skeleton misses the hobgoblin.
Your bat skeleton hits the hobgoblin.
Your bat skeleton hits the hobgoblin but does no damage.
The hobgoblin hits you.
You barely miss the hobgoblin.
The hobgoblin is almost dead.
Your bat skeleton hits the hobgoblin but does no damage.
Your bat skeleton barely misses the hobgoblin.
Your bat skeleton closely misses the hobgoblin.
The hobgoblin barely misses you.
You hit the hobgoblin.
You kill the hobgoblin!
You have reached level 2!
You swap places.
Okay, then.
Are you sure you want to abandon this character and quit the game? (Confirm with "yes".)

......#...#.).....
...............#...(#.
........##...##..).#
#....## #...##....##
#....# #...#.......
#....# ##...#.......
#....# #....#.......
#....# #....#.......
#...@# #...##.......
##..Z.# #...#######.#
#...†.# #...# ###..
##....#####...# #....
#..........#### #...<
#..........# #....
#..........# #....
#..........# #....
############ #....


You could see a friendly bat skeleton.

Vanquished Creatures
  2 ball pythons (D:1)
  A hobgoblin (D:1)
  A kobold (D:1)
  A bat (D:1)
  A goblin (D:1)
6 creatures vanquished.

Vanquished Creatures (collateral kills)
  A bat (D:1)
1 creature vanquished.

Grand Total: 7 creatures vanquished

Notes
Turn   | Place    | Note
-------+----------+-------------------------------------------
     0 | D:1      | Sweeb the Mummy Necromancer began the quest for the Orb.
     0 | D:1      | Reached XP level 1. HP: 13/13 MP: 4/4
    76 | D:1      | Reached XP level 2. HP: 11/20 MP: 1/5
    78 | D:1      | Quit the game

Illustrated notes

Levels and vault maps discovered:
D:1:      wander_arrival_lonely_grave, layout_basic, serial_shops, shop

Action                   || total
-------------------------++-------
Melee: Unarmed           ||     4
 Cast: Necrotise         ||     8
Armor: Robe              ||     2
Dodge: Dodged            ||     7

Table legend: (Time is in decaauts)
 A = Elapsed time spent in this place.
 B = Non-inter-level travel time spent in this place.
 C = Inter-level travel time spent in this place.
 D = Time resting spent in this place.
 E = Time spent auto-exploring this place.
 F = Levels seen in this place.
 G = Mean time per level.
                   A        B        C        D        E       F      G
               +--------+--------+--------+--------+--------+-----+--------+
         Total |     78 |     78 |      0 |     15 |     11 |   1 |   78.0 |
       Dungeon |     78 |     78 |      0 |     15 |     11 |   1 |   78.0 |
               +--------+--------+--------+--------+--------+-----+--------+

Top non-repeatable levels by time:
     D:1: 78 daAuts
